Map: Port Aleksander LE

Players

PartinG - Winner!

  • Race: Protoss Protoss
  • Spawn Location: 11:00

TRUE

  • Race: Zerg Zerg
  • Spawn Location: 5:00

Event: IEM Season 13: Katowice (2019)

VOD

Have the link to the VOD?

Description

Time

  • Played on: Feb. 26, 2019, 4:35 a.m.
  • Length: 11:14

All games in this series

Show
View Real Time Build Order
Export as new Build Order

PartinG Protoss - Winner!

Build Orders: 1 Gate Expand, Zealot Archon, Dark Templar Rush 

Get SALT Encoding   

  12  0:00  Probe  
  13  0:12  Probe  
  14  0:17  Pylon  
  14  0:24  Probe  
  15  0:28  Assimilator  
  15  0:32  Probe  
  15  0:40  Probe  
  16  0:46  Gateway  
  17  0:51  Probe  
  18  1:03  Probe  
  19  1:22  Nexus  
  19  1:25  Probe  
  20  1:37  Cybernetics Core  
  20  1:43  Assimilator  
  20  1:45  Probe  
  21  1:53  Pylon  
  21  1:57  Probe  
  22  2:03  Adept  
  22  2:09  Probe  
  22  2:13  Warp Gate  
  25  2:21  Probe  
  26  2:24  Adept  
  26  2:25  Twilight Council  
  26  2:35  Probe x2  
  29  2:43  Probe  
  30  2:47  Probe  
  32  2:53  Stalker, Probe  
  35  3:03  Probe  
  36  3:08  Robotics Facility  
  36  3:09  Probe  
  37  3:18  Probe, Dark Shrine  
  38  3:21  Probe  
  39  3:29  Gateway  
  39  3:36  Gateway  
  39  3:46  Probe x2, Warp Prism  
  41  3:50  Gateway  
  39  4:01  Probe x2  
  41  4:05  Assimilator  
  41  4:07  Assimilator  
  41  4:08  Pylon  
  41  4:13  Zealot  
  41  4:15  Probe x2  
  45  4:19  Pylon  
  45  4:22  Pylon  
  45  4:29  Probe  
  45  4:30  Probe  
  47  4:45  Dark Templar x4  
  51  4:48  Observer  
  51  4:49  Probe  
  51  4:50  Probe  
  58  4:59  Forge  
  57  5:18  Zealot  
  57  5:19  Zealot x2  
  56  5:25  Zealot  
  46  5:40  Zealot  
  43  5:44  Zealot  
  43  5:47  Sentry  
  43  5:49  Sentry  
  43  6:00  Archon  
  43  6:06  Zealot  
  43  6:08  Sentry  
  47  6:13  Sentry, Zealot  
  49  6:22  Probe  
  49  6:23  Probe  
  47  6:28  Zealot  
  49  6:35  Zealot x3  
  53  6:40  Probe  
  53  6:44  Probe  
  54  6:48  Probe  
  53  6:54  Probe  
  53  6:58  Probe  
  53  7:02  Probe  
  53  7:08  Zealot  
  56  7:10  Probe  
  56  7:12  Probe  
  58  7:22  Probe, Charge  
  59  7:24  Probe  
  59  7:25  Dark Templar  
  62  7:32  Pylon  
  62  7:36  Pylon  
  62  7:43  Pylon  
  62  7:46  Pylon  
  62  7:50  Probe x2  
  64  7:54  Dark Templar  
  64  7:56  Zealot  
  68  8:02  Probe  
  68  8:03  Pylon  
  65  8:08  Probe  
  65  8:09  Zealot  
  68  8:14  Probe  
  66  8:21  Dark Templar  
  66  8:28  Dark Templar  
  66  8:30  Probe x2  
  66  8:33  Zealot  
  69  8:39  Probe x2  
  67  8:47  Probe x2  
  69  8:58  Probe x2  
  71  9:04  Pylon  
  67  9:18  Gateway, Archon  
  67  9:21  Gateway  
  67  9:23  Dark Templar  
  67  9:24  Dark Templar x2  
  73  9:26  Dark Templar  
  75  9:34  Archon  
  75  9:49  Archon  
  75  9:52  Nexus  
  75  9:53  Pylon  
  75  9:57  Archon  
  75  9:59  Zealot x3  
  81  10:00  Zealot  
  81  10:03  Observer  
  78  10:22  Stalker x3  
  78  10:23  Sentry x2  
  78  10:26  Sentry  
  78  10:46  Stalker x4  
  78  10:47  Stalker  
  88  10:53  Stalker  
  82  11:04  Stalker x2  
Show
View Real Time Build Order
Export as new Build Order

TRUE Zerg 

Build Orders: Hatch First 

Get SALT Encoding   

  12  0:00  Drone  
  13  0:09  Drone  
  14  0:17  Overlord  
  14  0:24  Extractor, Drone  
  15  0:38  Drone x2  
  17  0:54  Hatchery  
  16  1:24  Drone x3  
  19  1:26  Extractor  
  19  1:27  Spawning Pool  
  17  1:35  Drone  
  18  1:50  Hatchery  
  18  1:53  Drone  
  18  1:59  Drone  
  19  2:06  Drone  
  19  2:07  Drone  
  21  2:16  Queen  
  23  2:25  Queen  
  25  2:34  Metabolic Boost  
  25  2:39  Drone  
  25  2:42  Overlord  
  26  2:45  Zergling x2  
  26  2:47  Drone  
  28  3:03  Drone x3  
  28  3:04  Drone x3  
  34  3:12  Lair  
  34  3:24  Queen  
  36  3:27  Zergling x4  
  38  3:38  Zergling x4, Drone  
  38  3:39  Drone  
  38  3:57  Overlord  
  38  4:00  Spore Crawler  
  38  4:02  Overlord  
  38  4:10  Overlord  
  38  4:11  Nydus Network  
  38  4:14  Queen x2  
  41  4:18  Zergling x2  
  41  4:20  Queen  
  41  4:21  Zergling x2  
  41  4:22  Zergling x2  
  46  4:24  Zergling x2  
  46  4:28  Zergling x2  
  46  4:29  Zergling x2  
  46  4:30  Zergling x2  
  50  4:32  Zergling x2  
  50  4:35  Zergling x2  
  52  4:40  Zergling x4  
  52  4:42  Zergling x2  
  55  4:47  Nydus Canal  
  55  4:48  Overseer, Zergling x2  
  55  4:49  Zergling x2  
  57  4:53  Zergling x2  
  57  4:59  Overlord  
  58  5:02  Zergling x2  
  58  5:04  Zergling x2, Spore Crawler  
  56  5:07  Zergling x2  
  56  5:10  Zergling x2  
  56  5:11  Zergling x2  
  54  5:15  Zergling x2  
  54  5:17  Zergling x2  
  54  5:20  Zergling x2  
  54  5:21  Zergling x2  
  54  5:24  Zergling x2  
  54  5:28  Zergling x2  
  48  5:32  Zergling x2  
  48  5:33  Zergling x2  
  48  5:35  Zergling x2  
  45  5:36  Zergling x2  
  45  5:40  Zergling x2  
  43  5:45  Zergling x2  
  43  5:46  Zergling x2  
  42  5:51  Zergling x2  
  39  5:59  Zergling x4  
  39  6:04  Zergling x2  
  39  6:06  Zergling x2  
  39  6:10  Zergling x2  
  39  6:13  Zergling x2  
  39  6:17  Zergling x2  
  39  6:19  Zergling x2  
  39  6:23  Zergling x2  
  38  6:29  Zergling x4  
  35  6:34  Zergling x2  
  35  6:35  Queen  
  35  6:36  Queen  
  35  6:38  Zergling x2  
  36  7:00  Queen  
  35  7:02  Overseer, Roach Warren  
  35  7:05  Zergling x2  
  35  7:06  Zergling x8  
  35  7:07  Zergling x2  
  39  7:11  Zergling x2  
  40  7:21  Drone x2  
  40  7:22  Drone x2  
  44  7:23  Drone  
  44  7:28  Drone x2  
  47  7:32  Overseer  
  47  7:43  Roach x3  
  53  7:45  Roach  
  53  7:49  Roach  
  57  7:53  Overlord  
  57  8:01  Overlord  
  57  8:04  Roach  
  57  8:08  Overlord  
  57  8:12  Roach x2  
  61  8:15  Roach  
  61  8:18  Roach  
  62  8:20  Roach  
  62  8:23  Roach  
  66  8:33  Drone x5  
  71  8:38  Drone x3  
  71  8:40  Drone  
  72  8:45  Drone  
  72  8:46  Drone  
  70  8:50  Drone  
  70  8:55  Drone  
  71  8:59  Drone  
  71  9:01  Roach  
  74  9:06  Roach  
  78  9:18  Hatchery  
  75  9:27  Spire, Glial Reconstitution  
  75  9:28  Extractor  
  75  9:31  Extractor  
  72  9:32  Extractor  
  72  9:33  Drone x4  
  72  9:34  Drone  
  72  9:37  Drone  
  72  9:56  Roach x2  
  72  9:57  Overlord  
  76  10:01  Overlord  
  76  10:06  Overlord  
  75  10:10  Overlord  
  75  10:16  Roach  
  75  10:20  Ravager x3  
  78  10:21  Roach  
  78  10:27  Roach  
  73  10:31  Roach  
  73  10:35  Roach  
  65  10:39  Roach  
  65  10:42  Roach  
  56  10:45  Roach  
  56  10:49  Roach  
  58  10:54  Roach  

Tags
 
Add a new tag
Caveats
  • Supply blocks, unpowered buildings, or Contaminate may cause inaccurate times.
  • Supply counts are checked every 10 seconds.